 Dungeon Sprint DCSS version 0.28-a0-233-gb8ca4b6547 (webtiles) character file.

Game seed: 18403061012364795893

6916 tbh1313 the Fencer (level 10, -9/104 HPs)
             Began as a Minotaur Berserker on Aug 22, 2021.
             Was the Champion of Trog.
             Succumbed to poison (dark miasma)
             ... in the Dungeon (Sprint III: "The Ten Rune Challenge").
             The game lasted 00:07:47 (2559 turns).

tbh1313 the Fencer (Minotaur Berserker)             Turns: 2559, Time: 00:07:47

Health: -9/104     AC: 16    Str: 23    XL:     10   Next: 79%
Magic:  9/9        EV: 11    Int:  7    God:    Trog [******]
Gold:   22         SH:  0    Dex:  9    Spells: 9/9 levels left

rFire   . . .      SeeInvis .   a - +3 demon blade (flame)
rCold   . . .      Faith    .   (no shield)
rNeg    . . .      Spirit   .   h - +0 plate armour
rPois   .          Reflect  .   (helmet restricted)
rElec   .          Harm     .   (no cloak)
rCorr   .          Rampage  .   (no gloves)
Will    .....      NoTele   +   (no boots)
Stlth   ..........              (no amulet)
HPRegen 0.27/turn               (no ring)
MPRegen 0.11/turn               (no ring)

@: lethally poisoned (-9 -> -38), slowed, very slow
A: horns 2, retaliatory headbutt
a: Renounce Religion, Berserk, Trog's Hand, Brothers in Arms


You were in the Dungeon.
You worshipped Trog.
Trog was exalted by your worship.
You visited 1 branch You collected 22 gold pieces.

Inventory:

Hand Weapons
 a - a +3 demon blade of flaming (weapon)
 b - a +2 antimagic demon blade
 k - a +0 vorpal triple sword
 n - a +1 long sword of holy wrath
 p - a +1 antimagic great sword
Armour
 h - a +0 plate armour (worn)
 r - a +0 animal skin
Scrolls
 l - a scroll of immolation
Potions
 e - a potion of haste
 f - 2 potions of magic
 g - a potion of berserk rage
 i - a potion of attraction
 j - 4 potions of mutation {unknown}
 m - a potion of invisibility
 o - a potion of flight {unknown}
Miscellaneous
 q - a tin of tremorstones (2/2)


   Skills:
 + Level 14.7 Fighting
 - Level 16.0 Long Blades
 + Level 14.7 Armour
 + Level 14.5 Dodging


You had 9 spell levels left.
You didn't know any spells.
Your spell library contained the following spells:

 Spells                   Type           Power      Damage    Failure   Level
 Passwall                 Tmut/Erth      0%         N/A       99%         2
 Swiftness                Air            0%         N/A       100%        3
 Fireball                 Conj/Fire      0%         3d3       100%        5
 Iskenderun's Battlesphe  Conj           0%         2d6       100%        5
 Conjure Ball Lightning   Conj/Air       0%         3x3d6     100%        6
 Invisibility             Hex            0%         N/A       100%        6
 Orb of Destruction       Conj           0%         N/A       100%        7


Dungeon Overview and Level Annotations

Branches:
Dungeon (1/1)

Altars:
Cheibriados
Dithmenos
Elyvilon
Fedhas
Gozag
Hepliaklqana
Kikubaaqudgha
Makhleb
Nemelex Xobeh
Okawaru
Qazlal
Ru
Sif Muna
Trog
Uskayaw
Vehumet
Wu Jian
Xom
Yredelemnul
Zin
The Shining One
Beogh
Jiyva
Lugonu


Innate Abilities, Weirdness & Mutations

You have a pair of horns on your head.
You reflexively headbutt those who attack you in melee.


Message History

The killer bee is poisoned.
The killer bee stings you.
The killer bee is engulfed in dark miasma.
The killer bee looks even sicker.
The killer bee stings you.
You are more poisoned.
The killer bee poisons you!
You slice the killer bee!! You burn the killer bee.
You kill the killer bee!
Trog accepts your kill.
You are engulfed in dark miasma.
You are more poisoned.
You feel very sick.
Okay, then.
You are engulfed in dark miasma.
You are more poisoned.
You feel extremely sick.
You see here a killer bee corpse.
Okay, then.
You are engulfed in dark miasma.
You are more poisoned.
You feel extremely sick.
You are engulfed in dark miasma.
You are more poisoned.
* * * LOW HITPOINT WARNING * * *
x2 You feel extremely sick.
You feel better.
You are engulfed in dark miasma.
You are poisoned.
You feel yourself slow down.
* * * LOW HITPOINT WARNING * * *
x2 You feel very sick.
You feel much better.
You are engulfed in dark miasma.
You are lethally poisoned!
* * * LOW HITPOINT WARNING * * *
x2 You feel extremely sick.
* * * LOW HITPOINT WARNING * * *
You feel extremely sick.
You feel better.
There is an open door here.
You are engulfed in dark miasma.
You are lethally poisoned!
* * * LOW HITPOINT WARNING * * *
You die...

≈≈≈≈♣♣P.+.......#.......#
♣ ♣PP#.))^...#########
♣♣♣##)########
#..)'.≈≈≈§# #...#)§≈§§#
#...#.#≈≈≈# #####.# ≈≈≈#
#....)# ≈≈§§ #§§@§.# ≈§§
#☼§§§.# ##≈§ #§☼§§.# §☼#
§ #§#####...# #§..°.°...+
#§######### #.# #.# #.#


There were no monsters in sight!

Levels and vault maps discovered:
D:        dungeon_sprint_mu [sprint_mu_entry_forest, sprint_mu_temple_rooms,
          sprint_mu_d1_spiders, sprint_mu_d2_genie, sprint_mu_d3_branching,
          sprint_mu_orc_legion, sprint_mu_elf_gauntlet, sprint_mu_hive_nellie,
          sprint_mu_lair_fedhas, sprint_mu_vaults_butterflies,
          sprint_mu_slime_circle, sprint_mu_swamp_cave, sprint_mu_shoals_archi,
          sprint_mu_blade_basic, sprint_mu_crypt_lich, sprint_mu_tomb_spiral,
          sprint_mu_vestibule_basic, sprint_mu_gehenna_hellfire,
          sprint_mu_dis_giant, sprint_mu_tartarus_statrot,
          sprint_mu_cocytus_islands, sprint_mu_zot1]

Notes
Turn   | Place    | Note
-------+----------+-------------------------------------------
     0 | D        | tbh1313 the Minotaur Berserker began the quest for the Orb.
     0 | D        | Reached XP level 1. HP: 19/19 MP: 0/0
     4 | D        | Reached skill level 4 in Long Blades
    66 | D        | Noticed Jessica
    68 | D        | Reached ** piety under Trog
    69 | D        | Reached skill level 5 in Long Blades
    74 | D        | Killed Jessica
    75 | D        | Reached skill level 8 in Long Blades
    75 | D        | Reached XP level 2. HP: 26/26 MP: 1/1
    75 | D        | Reached XP level 3. HP: 31/31 MP: 2/2
   181 | D        | Reached skill level 9 in Long Blades
   397 | D        | Noticed a water elemental
   400 | D        | Killed a water elemental
   400 | D        | Reached *** piety under Trog
   401 | D        | Reached skill level 11 in Long Blades
   401 | D        | Reached XP level 4. HP: 39/39 MP: 3/3
   458 | D        | Found a radiant altar of Vehumet.
   458 | D        | Found a shimmering blue altar of Sif Muna.
   458 | D        | Found an ancient bone altar of Kikubaaqudgha.
   458 | D        | Noticed a wizard
   461 | D        | Killed a wizard
   465 | D        | Reached **** piety under Trog
   466 | D        | Reached skill level 12 in Long Blades
   466 | D        | Reached XP level 5. HP: 45/45 MP: 4/4
   478 | D        | Found a glowing silver altar of Zin.
   478 | D        | Found a glowing golden altar of the Shining One.
   478 | D        | Found a white marble altar of Elyvilon.
   479 | D        | Noticed a deep elf pyromancer
   489 | D        | Killed a deep elf pyromancer
   490 | D        | Reached skill level 14 in Long Blades
   490 | D        | Reached skill level 16 in Long Blades
   490 | D        | Reached XP level 6. HP: 30/61 MP: 5/5
   490 | D        | Reached XP level 7. HP: 34/68 MP: 6/6
   697 | D        | Found a hide-covered altar of Uskayaw.
   697 | D        | Found an iron altar of Okawaru.
   697 | D        | Found a bloodstained altar of Trog.
   697 | D        | Found an ornate altar of the Wu Jian Council.
   697 | D        | Noticed a human
   697 | D        | Noticed a human
   704 | D        | Killed a human
   705 | D        | Reached skill level 10 in Fighting
   711 | D        | Killed a human
   820 | D        | Found a basalt altar of Yredelemnul.
   820 | D        | Found a shadowy altar of Dithmenos.
   820 | D        | Found a sacrificial altar of Ru.
   824 | D        | Reached ***** piety under Trog
   827 | D        | Reached skill level 5 in Armour
   834 | D        | Noticed a shadow
   836 | D        | Killed a shadow
   837 | D        | Reached XP level 8. HP: 78/83 MP: 7/7
   844 | D        | Found a blossoming altar of Fedhas.
   844 | D        | Found a stormy altar of Qazlal.
   845 | D        | Found a snail-covered altar of Cheibriados.
   845 | D        | Found a burning altar of Makhleb.
   845 | D        | Found a hazy altar of Hepliaklqana.
   845 | D        | Found a shimmering altar of Xom.
   845 | D        | Found an opulent altar of Gozag.
   845 | D        | Found a sparkling altar of Nemelex Xobeh.
   845 | D        | Found a corrupted altar of Lugonu.
   845 | D        | Found a viscous altar of Jiyva.
   854 | D        | Received a gift from Trog
   902 | D        | Reached skill level 10 in Armour
   912 | D        | Noticed a two-headed ogre
   922 | D        | Killed a two-headed ogre
  1161 | D        | Noticed a two-headed ogre
  1161 | D        | Noticed Erolcha
  1166 | D        | Killed Erolcha
  1167 | D        | Reached skill level 5 in Dodging
  1167 | D        | Reached XP level 9. HP: 90/90 MP: 8/8
  1172 | D        | Killed a two-headed ogre
  1464 | D        | Noticed a wandering mushroom
  1470 | D        | Noticed Harold
  1470 | D        | Noticed Joseph
  1478 | D        | Killed Harold
  1478 | D        | Received a gift from Trog
  1479 | D        | Reached XP level 10. HP: 100/100 MP: 9/9
  1486 | D        | Killed Joseph
  1541 | D        | Noticed an orange demon
  1545 | D        | Noticed a sun demon
  1709 | D        | Received a gift from Trog
  1714 | D        | Reached ****** piety under Trog
  1730 | D        | Received a gift from Trog
  2041 | D        | Received a gift from Trog
  2063 | D        | Received a gift from Trog
  2074 | D        | HP: 9/104 [killer bee (5)]
  2551 | D        | HP: 7/104 [poison (dark miasma)]
  2552 | D        | HP: 1/104 [poison (dark miasma)]
  2559 | D        | HP: 1/104 [something (12)]
  2559 | D        | Succumbed to poison (dark miasma)

Table legend: (Time is in decaauts)
 A = Elapsed time spent in this place.
 B = Non-inter-level travel time spent in this place.
 C = Inter-level travel time spent in this place.
 D = Time resting spent in this place.
 E = Time spent auto-exploring this place.
 F = Levels seen in this place.
 G = Mean time per level.
                   A        B        C        D        E       F      G
               +--------+--------+--------+--------+--------+-----+--------+
         Total |   2568 |   2568 |      0 |   2001 |     80 |   1 | 2568.0 |
       Dungeon |   2568 |   2568 |      0 |   2001 |     80 |   1 | 2568.0 |
               +--------+--------+--------+--------+--------+-----+--------+

Top non-repeatable levels by time:
       D: 2568 daAuts

Table legend:
 A = Kills in this place as a percentage of kills in entire the game.
 B = Kills by you in this place as a percentage of kills by you in the entire game.
 C = Kills by friends in this place as a percentage of kills by friends in the entire game.
 D = Other kills in this place as a percentage of other kills in the entire game.
 E = Experience gained in this place as a percentage of experience gained in the entire game.
 F = Experience gained in this place divided by the number of levels of this place that you have seen.
                   A       B       C       D       E      F
               +-------+-------+-------+-------+-------+----------------------
         Total | 100.0 | 100.0 | 100.0 |   N/A | 100.0 | 9880.0
       Dungeon | 100.0 | 100.0 | 100.0 |   N/A | 100.0 | 9880.0
               +-------+-------+-------+-------+-------+----------------------

Action                   |  1- 3 |  4- 6 |  7- 9 | 10-12 || total
-------------------------+-------+-------+-------+-------++-------
Melee: Falchion          |    29 |    15 |       |       ||    44
       Headbutt          |     4 |     2 |    19 |    24 ||    49
       Long sword        |       |       |    67 |   101 ||   168
       Demon blade       |       |       |       |    13 ||    13
Invok: Berserk           |     2 |     1 |     2 |     2 ||     7
       Trog's Hand       |       |     1 |     1 |       ||     2
       Brothers in Arms  |       |       |     1 |       ||     1
  Use: Scroll            |     3 |       |       |     2 ||     5
       Potion            |       |       |       |     3 ||     3
Armor: Animal skin       |     1 |       |     2 |       ||     3
       Plate armour      |       |       |    13 |    80 ||    93
Dodge: Dodged            |    11 |     3 |    20 |   114 ||   148
       Rpst.: Falchion   |     3 |     2 |       |       ||     5
       Long sword        |       |       |     2 |    35 ||    37
       Demon blade       |       |       |       |     2 ||     2

Vanquished Creatures
  Harold (D)
  Erolcha (D)
  Joseph (D)
  A deep elf pyromancer (D)
  A queen bee (D)
  2 orc high priests (D)
  A shadow (D)
  2 redbacks (D)
  A spatial vortex (D)
  A necrophage (D)
  4 two-headed ogres (D)
  A water elemental (D)
  32 killer bees (D)
  2 orc priests (D)
  A jelly (D)
  Jessica (D)
  A necromancer (D)
  A wizard (D)
  3 humans (D)
  A kobold demonologist (D)
  A phantom (D)
  An endoplasm (D)
  2 rats (D)
63 creatures vanquished.

Vanquished Creatures (collateral kills)
  A two-headed ogre (D)
1 creature vanquished.

Vanquished Creatures (others)
  11 plants (D)
11 creatures vanquished.

Grand Total: 75 creatures vanquished
